 Dungeon Crawl Stone Soup version 0.21.1-1-g345015f (webtiles) character file.

709 Mirai the Thaumaturge (level 7, 0/36 HPs)
             Began as a Deep Elf Conjurer on Mar 30, 2018.
             Slain by Pikel
             ... wielding a +0 whip of freezing
              (1 damage)
             ... on level 4 of the Dungeon.
             The game lasted 00:12:59 (3913 turns).

Mirai the Thaumaturge (Deep Elf Conjurer)           Turns: 3913, Time: 00:13:00

Health: 0/36       AC:  8    Str:  2 (5)  XL:     7   Next: 40%
Magic:  11/23      EV: 13    Int: 24 (27) God:
Gold:   300        SH:  0    Dex: 13 (15) Spells: 17/28 levels left

rFire    . . .     SeeInvis .   s - +3 quarterstaff (chaos)
rCold    + . .     Gourm    .   (shield currently unavailable)
rNeg     . . .     Faith    .   h - +0 robe {rC+}
rPois    .         Spirit   .   l - +0 helmet
rElec    .         Reflect  .   t - +1 cloak {+Inv}
rCorr    .         Harm     .   y - +2 pair of gloves
MR       .....                  (no boots)
Stlth    ++........             (no amulet)
HPRegen  0.12/turn              j - ring of wizardry
MPRegen  0.18/turn              (no ring)

@: brilliant, hasted, very quick
A: no striking features
a: Evoke Invisibility


You were on level 4 of the Dungeon.
You were not hungry.

You visited 1 branch of the dungeon, and saw 5 of its levels.

You collected 300 gold pieces.

Inventory:

Hand Weapons
 s - a +3 quarterstaff of chaos (weapon)
Missiles
 n - 4 javelins of penetration (quivered)
Armour
 h - a +0 robe of cold resistance (worn)
 l - a +0 helmet (worn)
 t - a +1 cloak of invisibility (worn)
 y - a +2 pair of gloves (worn)
Jewellery
 j - a ring of wizardry (left hand)
Scrolls
 e - 2 scrolls of immolation {unknown}
 f - 3 scrolls of enchant weapon {unknown}
 i - 2 scrolls of blinking {unknown}
 o - 3 scrolls of identify {unknown}
 p - a scroll of teleportation {unknown}
 u - a scroll of amnesia {unknown}
 v - a scroll of fear {unknown}
 w - a scroll of remove curse {unknown}
Potions
 d - a potion of haste
 g - 2 potions of degeneration
 k - a potion of flight {unknown}
 m - a potion of brilliance
 q - 2 potions of lignification {unknown}
 x - a potion of curing {unknown}
 z - a potion of resistance {unknown}
Books
 b - a book of Conjurations

   Spells                             Type                      Level
   a - Magic Dart                     Conjuration                  1
   b - Searing Ray                    Conjuration                  2
   c - Dazzling Spray                 Conjuration/Hexes            3
   d - Fulminant Prism                Conjuration/Hexes            4
   e - Force Lance                    Conjuration/Translocation    4
   f - Iskenderun's Mystic Blast      Conjuration                  4
Comestibles
 a - a chunk of flesh
 c - 12 rations


   Skills:
 - Level 2.4 Dodging
 - Level 2.4 Stealth
 + Level 11.0 Spellcasting
 - Level 4.3 Conjurations


You had 17 spell levels left.
You knew the following spells:

 Your Spells              Type           Power        Failure   Level  Hunger
a - Magic Dart            Conj           ####         1%          1    None
b - Searing Ray           Conj           #####.       1%          2    None
c - Iskenderun's Mystic   Conj           #####...     1%          4    None
d - Fulminant Prism       Conj/Hex       #####.....   2%          4    None


Dungeon Overview and Level Annotations

Branches:
Dungeon (5/15)
 Temple: D:4-7

Altars:
Elyvilon
Ru
Zin

Shops:
D:4 ?

Annotations:
D:4 Pikel


Message History

Unknown command.
The slave barely misses you. Pikel hits you with a whip of freezing.
* * * LOW HITPOINT WARNING * * *
The slave barely misses you.
You climb upwards.
There is a stone staircase leading down, spattered with blood here.
Unknown command.
Okay, then.
You aren't carrying any items that you can evoke.
It was a potion of degeneration.
There was something very wrong with that liquid.
You feel weakened.
You feel dopey.
You feel clumsy. Pikel closely misses you. The slave hits you.
* * * LOW HITPOINT WARNING * * *
It was a potion of haste.
You feel yourself speed up. Pikel completely misses you.
The slave closely misses you.
It was a potion of brilliance.
You feel clever all of a sudden. Pikel hits you with a whip of freezing.
You die...

#....[.(# #.###.####...#
##.....## #.##...###...#
###..)## ##.#..#..##...#
# #########....###..^...#
####......#..#..#..#....#
##......#.#.............#
##.....##....#..p.##..#.#
#......#####.#.#K###..#.#
.....####....#.#@p.)....#
##############.#####..###
#.# ##.# #..## #.# #..#
#...# ###.# #.## #.#.#
##.#.# #.# ##.#.# #....#
#.# ##<...# # ##.### #.#
#.....# # #.# #.# ##....#


You could see Pikel and 2 slaves.

Vanquished Creatures
  2 slaves (D:4)
  An ice beast (D:4)
  A sky beast (D:5)
  An ogre (D:3)
  2 scorpions
  A bullfrog zombie (D:5)
  Crazy Yiuf (D:3)
  An orc priest (D:4)
  Natasha (twice) (D:3)
  An iguana (D:5)
  A worker ant (D:4)
  A hound zombie (D:5)
  6 adders
  3 gnolls (D:4)
  An ooze (D:3)
  2 adder skeletons (D:4)
  A dart slug (D:4)
  2 leopard geckos
  9 orcs
  4 ball pythons
  3 giant cockroaches
  2 goblins
  6 hobgoblins
  2 jackals (D:5)
  2 quokkas
  3 bats
  4 frilled lizards
  A jackal skeleton (D:4)
  7 kobolds
  4 rats
77 creatures vanquished.

Vanquished Creatures (others)
  2 fulminant prisms (D:3)
2 creatures vanquished.

Grand Total: 79 creatures vanquished

Notes
Turn   | Place    | Note
-------+----------+-------------------------------------------
     0 | D:1      | Mirai the Deep Elf Conjurer began the quest for the Orb.
     0 | D:1      | Reached XP level 1. HP: 10/10 MP: 6/6
   335 | D:1      | Reached skill level 4 in Spellcasting
   335 | D:1      | Reached XP level 2. HP: 15/15 MP: 7/9
   339 | D:1      | Learned a level 2 spell: Searing Ray
   738 | D:2      | Reached XP level 3. HP: 19/19 MP: 3/11
   740 | D:2      | Found a white marble altar of Elyvilon.
   743 | D:2      | Reached skill level 5 in Spellcasting
  1261 | D:2      | Found a sacrificial altar of Ru.
  1620 | D:3      | Noticed Natasha
  1625 | D:3      | Killed Natasha
  1625 | D:3      | Reached skill level 6 in Spellcasting
  1625 | D:3      | Reached XP level 4. HP: 14/24 MP: 9/14
  1945 | D:3      | Noticed Natasha
  1952 | D:3      | Killed Natasha
  1952 | D:3      | Reached skill level 7 in Spellcasting
  1963 | D:3      | Learned a level 4 spell: Iskenderun's Mystic Blast
  1968 | D:3      | Learned a level 4 spell: Fulminant Prism
  2021 | D:3      | Found a runed door.
  2025 | D:3      | Noticed Crazy Yiuf
  2032 | D:3      | Killed Crazy Yiuf
  2032 | D:3      | Reached XP level 5. HP: 27/28 MP: 1/16
  2173 | D:4      | Noticed an ogre
  2576 | D:3      | Killed an ogre
  2576 | D:3      | Reached skill level 8 in Spellcasting
  2576 | D:3      | Reached XP level 6. HP: 32/32 MP: 9/19
  2611 | D:4      | Found Fafaibok's Magic Scroll Boutique.
  2909 | D:4      | Reached skill level 9 in Spellcasting
  2919 | D:4      | Noticed an ice beast
  2927 | D:4      | Killed an ice beast
  2937 | D:4      | Found a glowing silver altar of Zin.
  3436 | D:4      | Reached skill level 10 in Spellcasting
  3436 | D:4      | Reached XP level 7. HP: 36/36 MP: 15/22
  3503 | D:5      | Entered Level 5 of the Dungeon
  3775 | D:5      | Reached skill level 11 in Spellcasting
  3777 | D:5      | Noticed Pikel
  3909 | D:5      | HP: 1/36 [Pikel/whip of freezing (6)]
  3913 | D:4      | Slain by Pikel

Skill      XL: |  1  2  3  4  5  6  7 |
---------------+----------------------+-----
Spellcasting   | 4 6 7 8 10 11 | 11.0
Dodging        | |  2.4
Stealth        | |  2.4
Conjurations   | |  4.3

Action                   |  1- 3 |  4- 6 |  7- 9 || total
-------------------------+-------+-------+-------++-------
Melee: Unarmed           |    16 |     4 |       ||    20
       Quarterstaff      |       |     3 |     1 ||     4
Throw: Javelin           |     3 |       |       ||     3
 Cast: Magic Dart        |    51 |    34 |     5 ||    90
       Searing Ray       |    11 |    16 |     9 ||    36
       Fulminant Prism   |       |     2 |       ||     2
       Iskenderun's Myst |       |     7 |    11 ||    18
  Use: Potion            |       |       |     3 ||     3
  Eat: Chunk             |     2 |     6 |     2 ||    10
Armor: Robe              |     6 |     8 |     7 ||    21
Dodge: Dodged            |    41 |    21 |    27 ||    89
